 Dungeon Crawl Stone Soup version 0.28-a0-793-g31680bbd8b (webtiles) character file.

Game seed: 8359619417100669631

151 bande the Shield-Bearer (level 5, 0/33 HPs)
             Began as a Gargoyle Fighter on Nov 5, 2021.
             Slain by a lemure (2 damage)
             ... led by Pikel
             ... on level 3 of the Dungeon.
             The game lasted 00:05:04 (2798 turns).

bande the Shield-Bearer (Gargoyle Fighter)          Turns: 2798, Time: 00:05:04

Health: 0/33       AC: 13    Str: 20    XL:     5   Next: 33%
Magic:  5/5        EV:  7    Int:  9    God:
Gold:   119        SH:  9    Dex:  9    Spells: 4/4 levels left

rFire   . . .      SeeInvis .   a - +0 war axe
rCold   . . .      Faith    .   f - +1 kite shield
rNeg    + . .      Spirit   .   b - +0 scale mail
rPois   ∞          Reflect  .   e - +0 helmet
rElec   +          Harm     .   (no cloak)
rCorr   .          Rampage  .   l - +0 pair of gloves
Will    .....                   (no boots)
Stlth   ..........              (no amulet)
HPRegen 0.11/turn               (no ring)
MPRegen 0.09/turn               (no ring)

@: no status effects
A: sickness immunity, AC +4, negative energy resistance 1, electricity
resistance, torment resistance 1, petrification resistance
a: no special abilities


You were on level 3 of the Dungeon.
You visited 1 branch of the dungeon, and saw 4 of its levels.

You collected 119 gold pieces.

Inventory:

Hand Weapons
 a - a +0 war axe (weapon)
 m - a +0 war axe
Armour
 b - a +0 scale mail (worn)
 e - a +0 helmet (worn)
 f - a +1 kite shield (worn)
 l - a +0 pair of gloves (worn)
Jewellery
 h - a ring of fire
Scrolls
 c - a scroll of enchant armour
 g - a scroll of identify
Potions
 d - 3 potions of might
 j - 4 potions of curing


   Skills:
 + Level 3.8 Fighting
 + Level 3.6 Axes
 + Level 3.8 Armour
 - Level 0.1 Dodging
 + Level 4.2 Shields


You had 4 spell levels left.
You didn't know any spells.
Your spell library was empty.

Dungeon Overview and Level Annotations

Branches:
Dungeon (4/15)
 Temple: D:4-7

Altars:

Shops:
D:3 :(:

Annotations:
D:3 Pikel


Innate Abilities, Weirdness & Mutations

You are immune to sickness and miasma.
Your stone body is resilient. (AC +4)
You are immune to poison.
You resist negative energy. (rN+)
You are resistant to electric shocks. (rElec)
You are resistant to unholy torment.
You are immune to petrification.


Message History

You barely miss the goblin. You block the goblin's attack.
You slash the goblin!
You kill the goblin!
You see here a +0 dagger.
There is a stone staircase leading down here.
You climb downwards.
Level annotation: Pikel Pikel closely misses you.
The lemure hits you. The lemure hits you but does no damage.
There is a stone staircase leading up here.
Unknown command.
Pikel hits you with a +0 whip of freezing.
Pikel freezes you. You block the lemure's attack.
The lemure closely misses you.
You climb upwards.
There is a stone staircase leading down here.
You closely miss Pikel. You hit the lemure. x2
Pikel hits you but does no damage. The lemure hits you.
You block the lemure's attack.
Pikel hits you with a +0 whip of freezing.
Pikel freezes you. You block the lemure's attack. x2
Unknown command.
You hit Pikel but do no damage. You completely miss the lemure.
You hit the lemure.
A goblin comes into view. It is wielding a +0 club.
You block Pikel's attack. The lemure barely misses you.
You block the lemure's attack.
The goblin moves out of view.
Unknown command.
You slash Pikel!
Pikel is moderately wounded.
You barely miss the lemure. x2; Pikel closely misses you.
The lemure hits you but does no damage. x2
Pikel hits you with a +0 whip of freezing.
* * * LOW HITPOINT WARNING * * *
Pikel freezes you.
* * * LOW HITPOINT WARNING * * *
The lemure hits you.
* * * LOW HITPOINT WARNING * * *
The lemure hits you.
You die...

#....####.###.........# #....#
#.# #..##....## #....# #.#
#...#....# #....# #.# ##..#....#
#....# #.# #..#....############
###### #.# #..#................ #
#.# ##.#................ #
######.# #.5#............... #
#......## #5@#............... #
#.......# ##K#............... #
#.......#####'#...............
####.............................
.................................
..............∩..................
.................................
....##............g..............
....##.....†.....................


You could see Pikel, 2 lemures and a goblin (wandering).

Vanquished Creatures
  Jessica (D:3)
  Terence (D:2)
  2 adders (D:3)
  2 dart slugs
  3 ball pythons
  3 bats
  4 endoplasms
  8 goblins
  8 hobgoblins
  6 jackals
  2 quokkas
  2 frilled lizards (D:2)
  15 giant cockroaches (D:2)
  5 kobolds
  7 rats
69 creatures vanquished.

Notes
Turn   | Place    | Note
-------+----------+-------------------------------------------
     0 | D:1      | bande the Gargoyle Fighter began the quest for the Orb.
     0 | D:1      | Reached XP level 1. HP: 14/14 MP: 1/1
   352 | D:1      | Reached XP level 2. HP: 15/19 MP: 2/2
   680 | D:1      | Found a faded altar of an unknown god.
  1226 | D:2      | Reached XP level 3. HP: 23/23 MP: 3/3
  1859 | D:2      | Reached XP level 4. HP: 28/28 MP: 4/4
  2049 | D:3      | Noticed Terence
  2065 | D:2      | Killed Terence
  2066 | D:2      | Reached skill level 4 in Shields
  2213 | D:3      | Noticed Jessica
  2220 | D:3      | Killed Jessica
  2221 | D:3      | Reached XP level 5. HP: 29/33 MP: 5/5
  2448 | D:3      | Found Tahyse's Book Boutique.
  2490 | D:3      | Found Biqyatier's Antique Weapon Shoppe.
  2499 | D:3      | Found Jyisivor's Book Emporium.
  2781 | D:4      | Noticed Pikel
  2781 | D:4      | Noticed a lemure
  2781 | D:4      | Noticed a lemure
  2781 | D:4      | Noticed a lemure
  2781 | D:4      | Noticed a lemure
  2798 | D:3      | Slain by a lemure

Illustrated notes

Levels and vault maps discovered:
D:1:      noname_arrival_rooms_in_the_neighbourhood, layout_basic,
          chequers_ecumenical_altar_grove
D:2:      minmay_roachtagon, layout_basic, hex_intersection
D:3:      layout_basic, serial_shops, nicolae_shop_stone,
          nicolae_shop_behind_doors, shop, uniq_terence, uniq_jessica
D:4:      layout_basic, minmay_temple_entry_stoned_glass, uniq_pikel

Skill      XL: |  1  2  3  4 |
---------------+-------------+-----
Axes           | 2 3 |  3.6
Shields        | 4 |  4.2
Fighting       | |  3.8
Armour         | |  3.8
Dodging        | |  0.1

Action                   |  1- 3 |  4- 6 || total
-------------------------+-------+-------++-------
Melee: War axe           |   123 |    82 ||   205
  Use: Scroll            |     5 |     2 ||     7
Armor: Scale mail        |    66 |    50 ||   116
Dodge: Dodged            |    77 |    33 ||   110
Block: Buckler           |    37 |       ||    37
       Kite shield       |     8 |    54 ||    62

Table legend: (Time is in decaauts)
 A = Elapsed time spent in this place.
 B = Non-inter-level travel time spent in this place.
 C = Inter-level travel time spent in this place.
 D = Time resting spent in this place.
 E = Time spent auto-exploring this place.
 F = Levels seen in this place.
 G = Mean time per level.
                   A        B        C        D        E       F      G
               +--------+--------+--------+--------+--------+-----+--------+
         Total |   2897 |   2857 |     40 |    527 |   1694 |   4 |  724.2 |
       Dungeon |   2897 |   2857 |     40 |    527 |   1694 |   4 |  724.2 |
               +--------+--------+--------+--------+--------+-----+--------+

Top non-repeatable levels by time:
     D:1: 1221 daAuts
     D:2: 1020 daAuts
     D:3: 651 daAuts
     D:4: 4 daAuts
